 Dungeon Sprint DCSS version 0.29.1-1-gd02db6906a (webtiles) character file.

Game seed: 9196413168415543348

53 GigaChad the Covered (level 3, -14/37 HPs)
             Began as a Minotaur Fighter on Sept 19, 2022.
             Demolished by an ogre
             ... wielding a +0 giant club
              (21 damage)
             ... in the Dungeon (Sprint IX: "|||||||||||||||||||||||||||||").
             The game lasted 00:00:14 (41 turns).

GigaChad the Covered (Minotaur Fighter)               Turns: 41, Time: 00:00:15

Health: -14/37     AC:  7    Str: 22    XL:     3   Next: 64%
Magic:  2/2        EV:  9    Int:  5    God:
Gold:   0          SH:  5    Dex:  9    Spells: 2/2 levels left

rFire   . . .      SeeInvis .   a - +0 long sword
rCold   . . .      Faith    .   c - +0 buckler
rNeg    . . .      Spirit   .   b - +0 scale mail
rPois   .          Reflect  .   (helmet restricted)
rElec   .          Harm     .   (no cloak)
rCorr   .          Rampage  .   (no gloves)
Will    .....      NoTele   +   (no boots)
Stlth   ..........              (no amulet)
HPRegen 0.12/turn               (no ring)
MPRegen 0.08/turn               (no ring)

@: no status effects
A: horns 2, retaliatory headbutt
a: no special abilities


You were in the Dungeon.
You visited 1 branch

Inventory:

Hand Weapons
 a - a +0 long sword (weapon)
Armour
 b - a +0 scale mail (worn)
 c - a +0 buckler (worn)
Scrolls
 j - a scroll of blinking
Potions
 d - a potion of might
 e - a potion of curing
 f - a potion of heal wounds
 g - a potion of haste
 h - 2 potions of magic
 i - a potion of berserk rage


   Skills:
 + Level 5.7 Fighting
 + Level 4.1 Long Blades
 + Level 5.9 Armour
 + Level 0.2 Dodging
 + Level 5.7 Shields


You had 2 spell levels left.
You didn't know any spells.
Your spell library was empty.

Dungeon Overview and Level Annotations

Branches:
Dungeon (1/1)

Altars:


Innate Abilities, Weirdness & Mutations

You have a pair of horns on your head.
You reflexively headbutt those who attack you in melee.


Message History

The howler monkey is almost dead.
The howler monkey misses you.
You hit the howler monkey.
You kill the howler monkey!
The adder bites you.
Your Fighting skill increases to level 5!
Your Long Blades skill gained 2 levels and is now at level 4!
Your Armour skill increases to level 5!
Your Shields skill increases to level 5!
You have reached level 2!
You have reached level 3!
Your experience leads to an increase in your attributes!
Increase (S)trength, (I)ntelligence, or (D)exterity?
You feel stronger. x2
You closely miss the adder. The adder bites you but does no damage.
You block the adder's attack.
You hit the adder but do no damage. The adder bites you but does no damage.
You barely miss the adder. The adder bites you but does no damage.
The adder barely misses you. You furiously retaliate!
You headbutt the adder! You hit the adder.
You kill the adder!
The ogre barely misses you. You furiously retaliate!
You headbutt the ogre! You hit the ogre.
The ogre is heavily wounded.
You hit the ogre.
The ogre is heavily wounded.
The ogre hits you with a +0 giant club!
You hit the ogre but do no damage.
The ogre is heavily wounded.
The ogre hits you with a +0 giant club!
* * * LOW HITPOINT WARNING * * *
You hit the ogre. Your headbutt misses the ogre.
The ogre is severely wounded.
You block the ogre's attack.
You hit the ogre.
The ogre is severely wounded.
The iguana hisses menacingly.
The ogre hits you with a +0 giant club!!
Ouch! That really hurt!
You die... ▓▓▓▓▓▓▓▓▓▓▓▓▓▓▓▓▓▓ ▓<...).....@OOl..+ ▓▓▓▓▓▓▓▓▓▓▓▓▓▓▓▓▓▓

You could see 2 ogres and an iguana.

Vanquished Creatures
  A howler monkey (D)
  An adder (D)
  An endoplasm (D)
  2 goblins (D)
  A kobold (D)
  A rat (D)
7 creatures vanquished.

Notes
Turn   | Place    | Note
-------+----------+-------------------------------------------
     0 | D        | GigaChad the Minotaur Fighter began the quest for the Orb.
     0 | D        | Reached XP level 1. HP: 19/19 MP: 0/0
    23 | D        | Noticed a howler monkey
    23 | D        | Noticed an ogre
    23 | D        | Noticed an ogre
    23 | D        | Noticed an iguana
    32 | D        | Killed a howler monkey
    33 | D        | Reached skill level 5 in Fighting
    33 | D        | Reached skill level 5 in Armour
    33 | D        | Reached skill level 5 in Shields
    33 | D        | Reached XP level 2. HP: 24/29 MP: 1/1
    33 | D        | Reached XP level 3. HP: 30/36 MP: 2/2
    41 | D        | Demolished by an ogre

Illustrated notes

Levels and vault maps discovered:
D:        linesprint [early_d, line_temple, items_1, d_10, items_2, lair_1,
          lair_end, items_3, orc_1, orc_end, items_4, d_15, swamp_1, shoals_1,
          snake_1, spider_1, d_20, vaults_1, items_5, swamp_end, shoals_end,
          snake_end, spider_end, vaults_end, d_27, items_6, zot_1, zot_end,
          crypt_end, forest_end, elf_end, slime_end, tomb_end, abyss_end,
          pan_hell_end]

Skill      XL: |  1 |
---------------+----+-----
Fighting       | 5 |  5.7
Armour         | 5 |  5.9
Shields        | 5 |  5.7
Long Blades    | 4 |  4.1
Dodging        | |  0.2

Action                   || total
-------------------------++-------
Melee: Long sword        ||    30
       Headbutt          ||     1
Armor: Scale mail        ||     7
Dodge: Dodged            ||     9
Block: Buckler           ||     9
